 Dungeon Crawl Stone Soup version 0.26-b1-32-g5d43845318 (webtiles) character file.

Game seed: 11205471484757958704

49 Gauvater the Skirmisher (level 3, -5/35 HPs)
             Began as a Palentonga Abyssal Knight on Jan 5, 2021.
             Was a Follower of Lugonu.
             Slain by an iguana (6 damage)
             ... on level 2 of the Dungeon.
             The game lasted 00:05:47 (1248 turns).

Gauvater the Skirmisher (Palentonga Abyssal Knight) Turns: 1248, Time: 00:05:47

Health: -5/35      AC:  4    Str: 16    XL:     3   Next: 53%
Magic:  0/4        EV:  9    Int: 12    God:    Lugonu [*.....]
Gold:   65         SH:  0    Dex:  9    Spells: 2/2 levels left

rFire    . . .     SeeInvis +   a - +1 hand axe
rCold    . . .     Faith    .   (no shield)
rNeg     . . .     Spirit   +   b - +0 leather armour
rPois    .         Reflect  .   (no helmet)
rElec    .         Harm     .   (no cloak)
rCorr    .         Rampage  .   (no gloves)
Will     .....                  (no barding)
Stlth    +.........             e - amulet of guardian spirit
HPRegen  0.11/turn              (no ring)
MPRegen  0.09/turn              (no ring)

@: no status effects
A: large, rugged brown scales 3, see invisible, deformed body, roll 1, armoured
tail
a: Rolling Charge, Renounce Religion, Depart the Abyss


You were on level 2 of the Dungeon.
You worshipped Lugonu.
Lugonu was aware of your devotion.
You visited 1 branch of the dungeon, and saw 2 of its levels.
You visited the Abyss 1 time.

You collected 65 gold pieces.

Inventory:

Hand Weapons
 a - a +1 hand axe (weapon)
Missiles
 h - 11 stones
Armour
 b - a +0 leather armour (worn)
Jewellery
 e - an amulet of guardian spirit (around neck)
 g - an uncursed ring of protection from cold {unknown}
Scrolls
 c - 2 scrolls of identify {unknown}
 d - 2 scrolls of remove curse {unknown}
 f - a scroll of fear {unknown}


   Skills:
 + Level 3.9 Fighting
 * Level 2.6 Axes
 + Level 1.6 Armour
 + Level 0.7 Dodging
 + Level 0.1 Stealth
 + Level 2.4 Invocations


You had 2 spell levels left.
You didn't know any spells.
Your spell library was empty.

Dungeon Overview and Level Annotations

Branches:
Dungeon (2/15)

Altars:

Annotations:
D:2 Sigmund


Innate Abilities, Weirdness & Mutations

You are completely covered in rugged brown scales. (AC +3, +7% HP)
You have supernaturally acute eyesight. (SInv)
Armour fits poorly on your strangely shaped body.
You can roll at nearby foes to attack.
You have a long armoured tail.


Message History

The iguana is moderately wounded.
The iguana completely misses you. The iguana bites you!
You hit the iguana but do no damage.
The iguana is moderately wounded.
The iguana barely misses you.
You barely miss the iguana.
The iguana is moderately wounded.
The iguana bites you.
* * * LOW HITPOINT WARNING * * *
You hit the iguana.
The iguana is moderately wounded.
The iguana closely misses you.
You slash the iguana!
The iguana is almost dead.
The iguana bites you!
* * * LOW HITPOINT WARNING * * *
You hit the iguana but do no damage.
The iguana is almost dead.
The iguana bites you.
You die...

##.##..## #.##..
########..##...#
#.....
#................
......
###.####.###.....#
.#... #..##..#
..... #... #....##
# # ###..# #..#
#l@# #.........
#.........
#.........
#.........
#.........
#.........
#.........


You could see an iguana.

Vanquished Creatures
  3 oozes
  A ball python (D:2)
  5 giant cockroaches
  4 goblins
  2 hobgoblins
  4 jackals (D:1)
  4 kobolds
  2 quokkas (D:2)
  2 bats (D:2)
  2 frilled lizards (D:1)
  3 rats (D:1)
32 creatures vanquished.

Notes
Turn   | Place    | Note
-------+----------+-------------------------------------------
     0 | Abyss:1  | Gauvater the Palentonga Abyssal Knight began the quest for
                  | the Orb.
     0 | Abyss:1  | Reached XP level 1. HP: 20/20 MP: 2/2
    53 | Abyss:1  | Noticed a quasit
    56 | D:1      | Escaped the Abyss
   259 | D:1      | Reached XP level 2. HP: 27/27 MP: 3/3
   489 | D:1      | Reached * piety under Lugonu
   835 | D:2      | Reached XP level 3. HP: 33/35 MP: 4/4
   898 | D:2      | Noticed Sigmund
  1247 | D:2      | HP: 1/35 [iguana (10)]
  1248 | D:2      | Slain by an iguana

Illustrated notes

Levels and vault maps discovered:
D:1:      psy_arrival_whirlpool, layout_loops_ring
D:2:      layout_rooms, uniq_sigmund, uniq_natasha

Action                   || total
-------------------------++-------
Melee: Hand axe          ||    90
       Tailslap          ||     8
Invok: Depart the Abyss  ||     1
 Abil: Rolling Charge    ||    15
Armor: Leather armour    ||    31
Dodge: Dodged            ||    51
